 Dungeon Crawl Stone Soup version 0.25-a0-458-g6fc7858b95 (webtiles) character file.

Game seed: 3154997800309308516, levelgen mode: deterministic

15365 Error4North the Cleaver (level 12, 0/105 HPs)
             Began as a Hill Orc Fighter on Feb 2, 2020.
             Was a High Priest of Okawaru.
             Drowned by a water elemental (11 damage)
             ... on level 11 of the Dungeon.
             The game lasted 00:59:03 (12352 turns).

Error4North the Cleaver (Hill Orc Fighter)         Turns: 12352, Time: 00:59:03

Health: 0/105      AC: 21    Str: 23    XL:     12   Next: 26%
Magic:  17/17      EV:  7    Int:  9    God:    Okawaru [*****.]
Gold:   662        SH: 12    Dex: 10    Spells: 2/18 levels left

rFire    . . .     SeeInvis .   a - +1 war axe
rCold    . . .     Gourm    .   c - +0 shield
rNeg     . . .     Faith    .   A - +0 plate armour
rPois    +         Spirit   .   u - +0 helmet
rElec    .         Reflect  .   y - +2 cloak {rPois}
rCorr    .         Harm     .   E - +0 pair of gloves
MR       .....                  (no boots)
Stlth    ..........             n - amulet of rage
HPRegen  0.27/turn              (no ring)
MPRegen  0.15/turn              (no ring)

@: engulfed (cannot breathe)
A: no striking features
a: Heroism, Finesse, Renounce Religion, Evoke Berserk Rage


You were on level 11 of the Dungeon.
You worshipped Okawaru.
Okawaru was extremely pleased with you.
You were not hungry.

You visited 2 branches of the dungeon, and saw 12 of its levels.

You collected 662 gold pieces.

Inventory:

Hand Weapons
 a - a +1 war axe (weapon)
 b - a +1 mace of protection
Missiles
 S - 6 silver boomerangs (quivered)
Armour
 c - a +0 shield (worn)
 u - a +0 helmet (worn)
 y - a +2 cloak of poison resistance (worn)
 A - a +0 plate armour (worn)
 E - a +0 pair of gloves (worn)
Jewellery
 d - an uncursed ring of magical power
 n - an amulet of rage (around neck)
 J - an uncursed amulet of the acrobat
Wands
 B - a wand of scattershot (3)
 D - a wand of disintegration (27)
 K - a wand of polymorph (25)
 N - a wand of flame (19)
 O - a wand of enslavement (5)
 P - a wand of iceblast (10)
Scrolls
 g - 8 scrolls of blinking
 k - 4 scrolls of identify
 l - 2 scrolls of remove curse
 o - a scroll of enchant weapon
 q - 2 scrolls of amnesia
 r - a scroll of noise
 t - 6 scrolls of teleportation
 C - 2 scrolls of immolation {unknown}
 F - a scroll of fear {unknown}
 G - 4 scrolls of enchant armour {unknown}
 R - a scroll of acquirement {unknown}
Potions
 h - 5 potions of curing
 i - 2 potions of agility
 j - 2 potions of invisibility
 m - 3 potions of brilliance
 p - 2 potions of degeneration {unknown}
 v - 2 potions of lignification
 H - a potion of haste {unknown}
 I - a potion of berserk rage {unknown}
 L - a potion of cancellation {unknown}
Miscellaneous
 M - a lamp of fire
Comestibles
 f - 16 rations


   Skills:
 * Level 9.4 Fighting
 + Level 11.0 Axes
 * Level 10.4 Armour
 + Level 2.1 Dodging
 + Level 0.2 Stealth
 * Level 10.2 Shields
 - Level 3.5 Spellcasting
 - Level 3.3 Hexes
 - Level 1.2 Charms
 - Level 3.0 Translocations
 - Level 5.1 Invocations
 - Level 5.0 Evocations


You had 2 spell levels left.
You knew the following spells:

 Your Spells              Type           Power        Failure   Level  Hunger
a - Apportation           Tloc           #.....       88%         1    #......
b - Corona                Hex            #......      86%         1    #......
c - Infusion              Chrm           #...         98%         1    #......
d - Shroud of Golubria    Chrm/Tloc      #.....       99%         2    ###....
e - Song of Slaying       Chrm           #.......     99%         2    ###....
f - Spectral Weapon       Hex/Chrm       #.......     100%        3    ###....
g - Invisibility          Hex            #.......     100%        6    #######

Your spell library contained the following spells:

 Spells                   Type           Power        Failure   Level  Hunger
 Ensorcelled Hibernation  Hex/Ice        #.....       99%         2    ###....
 Animate Skeleton         Necr           N/A          100%        1    #......
 Foxfire                  Conj/Fire      #...         100%        1    #......
 Summon Butterflies       Summ           #.......     100%        1    #......
 Summon Small Mammal      Summ           #...         100%        1    #......
 Call Imp                 Summ           #.......     100%        2    ###....
 Confusing Touch          Hex            #.......     99%         3    ###....
 Lesser Beckoning         Tloc           #.........   99%         3    ###....
 Tukima's Dance           Hex            #.......     99%         3    ###....
 Call Canine Familiar     Summ           #.......     100%        3    ###....
 Conjure Flame            Conj/Fire      #.......     100%        3    ###....
 Dazzling Flash           Conj/Hex       #.....       100%        3    ###....
 Inner Flame              Hex/Fire       #.......     100%        3    ###....
 Ozocubu's Armour         Chrm/Ice       #.......     100%        3    ###....
 Summon Guardian Golem    Hex/Summ       #.......     100%        3    ###....
 Sticky Flame             Conj/Fire      #.......     100%        4    #####..
 Summon Ice Beast         Ice/Summ       #.......     100%        4    #####..
 Summon Lightning Spire   Summ/Air       #.......     100%        4    #####..
 Alistair's Intoxication  Tmut/Pois      #.......     100%        5    ######.
 Fireball                 Conj/Fire      #.........   100%        5    ######.


Dungeon Overview and Level Annotations

Branches:
Dungeon (11/15)            Temple (1/1) D:6            Lair (0/6) D:9
    Orc (0/2) D:10

Altars:
Ashenzari
Cheibriados
Dithmenos
Elyvilon
Fedhas
Gozag
Hepliaklqana
Kikubaaqudgha
Makhleb
Nemelex Xobeh
Okawaru
Qazlal
Ru
Sif Muna
Trog
Uskayaw
Vehumet
Wu Jian
Xom
Yredelemnul
Zin
The Shining One

Shops:
D:9 [


Message History

Your lungs strain for air!
The water elemental hits you.
* * * LOW HITPOINT WARNING * * *
Press: ? - help, v - describe, . - travel
Here: a water elemental (severely damaged)
The floor, spattered with blood.
Press: ? - help, v - describe, . - travel The floor, spattered with blood.
You feel better.
* * * LOW HITPOINT WARNING * * *
Your lungs strain for air!
You block the water elemental's attack.
You slash the water elemental!
The water elemental is almost destroyed.
* * * LOW HITPOINT WARNING * * *
Your lungs strain for air!
The water elemental hits you.
You hit the water elemental but do no damage.
The water elemental is almost destroyed.
You die...

≈≈≈≈###.##.#..#....#
..............#.##.### ≈
≈≈≈≈####....#.#.#.....
≈≈≈≈ #........#.#..###
≈≈≈ #.#....))#.......
≈≈≈≈ #.##..)..####.[..
≈≈≈≈≈ #............).÷.
≈≈≈≈≈≈######...#########
......E@.............<..
≈≈≈≈≈≈#####.....########
≈≈≈≈≈ #...............
≈≈≈≈ #..............#
≈≈≈ ###....#..####.# ≈≈
####....####.# ≈
#####........##.#
#............##.#
#..)..((.....##.#


You could see a water elemental.

Vanquished Creatures
  Erica (D:8)
  3 two-headed ogres
  An unseen horror (D:8)
  Pikel (D:9)
  A deep elf mage (D:9)
  3 cyclopes
  3 ugly things
  Joseph (D:9)
  Maggie (D:7)
  A troll (D:7)
  A hornet (D:11)
  Grinder (D:3)
  Prince Ribbit (D:9)
  A hippogriff (D:9)
  3 slime creatures
  A vampire (D:10)
  A spriggan (D:10)
  2 hungry ghosts
  2 basilisks (D:9)
  7 yaks
  A warg (D:10)
  Duvessa (D:6)
  7 orc warriors
  A sky beast (D:9)
  A necrophage (D:5)
  3 ogres
  2 eyes of draining (D:7)
  A phantom (D:5)
  8 centaurs
  A crocodile (D:9)
  3 big kobolds (D:9)
  Blork the orc (D:6)
  2 wyvern zombies
  Dowan (D:6)
  2 bullfrogs
  A wyvern skeleton (D:9)
  3 scorpions
  2 howler monkeys (D:5)
  4 wights (D:6)
  A bullfrog zombie (D:10)
  7 crimson imps
  A centaur zombie (D:8)
  A gnoll shaman (D:10)
  4 jellies
  4 orc priests
  A centaur skeleton (D:6)
  8 hounds
  10 orc wizards
  Crazy Yiuf (D:6)
  3 bullfrog skeletons
  Jessica (D:3)
  3 iguanas
  6 worker ants
  2 howler monkey zombies
  A worker ant zombie (D:9)
  17 gnolls
  4 river rats (D:7)
  13 adders
  A shadow imp (D:9)
  An ooze (D:1)
  An adder skeleton (D:9)
  A worm (D:2)
  A dart slug (D:3)
  4 leopard geckos
  46 orcs
  9 bats
  7 giant cockroaches
  8 goblins
  5 hobgoblins
  2 jackals (D:4)
  3 quokkas
  4 ball pythons
  6 frilled lizards
  10 kobolds
  A leopard gecko skeleton (D:7)
  A quokka zombie (D:5)
  11 rats
  A plant (D:7)
292 creatures vanquished.

Vanquished Creatures (others)
  A hungry ghost (D:9)
  2 slaves (D:9)
  A big kobold (D:9)
4 creatures vanquished.

Grand Total: 296 creatures vanquished

Notes
Turn   | Place    | Note
-------+----------+-------------------------------------------
     0 | D:1      | Error4North the Hill Orc Fighter began the quest for the
                  | Orb.
     0 | D:1      | Reached XP level 1. HP: 19/19 MP: 1/1
   291 | D:1      | Reached XP level 2. HP: 19/27 MP: 2/2
   574 | D:1      | Reached XP level 3. HP: 33/33 MP: 3/3
   612 | D:1      | Reached skill level 3 in Axes
  1065 | D:2      | Reached XP level 4. HP: 36/40 MP: 4/4
  1298 | D:2      | Found a faded altar of an unknown god.
  1744 | D:3      | Noticed Grinder
  1843 | D:3      | Found a shimmering altar of Xom.
  1865 | D:3      | Noticed Jessica
  1876 | D:3      | Killed Jessica
  1876 | D:3      | Reached XP level 5. HP: 38/46 MP: 5/5
  1920 | D:3      | Reached skill level 4 in Axes
  2593 | D:3      | Paralysed by Grinder for 7 turns
  2605 | D:3      | Paralysed by Grinder for 4 turns
  2613 | D:3      | Killed Grinder
  2613 | D:3      | Reached skill level 5 in Axes
  2613 | D:3      | Reached skill level 1 in Dodging
  2613 | D:3      | Reached skill level 5 in Shields
  2613 | D:3      | Reached XP level 6. HP: 39/53 MP: 6/6
  2891 | D:4      | Reached XP level 7. HP: 57/60 MP: 7/7
  2971 | D:4      | Found an ornate altar of the Wu Jian Council.
  3009 | D:4      | Reached skill level 5 in Armour
  3579 | D:5      | Entered Level 5 of the Dungeon
  3765 | D:5      | Reached skill level 5 in Fighting
  3867 | D:5      | Reached skill level 6 in Axes
  3867 | D:5      | Reached XP level 8. HP: 63/67 MP: 8/8
  4165 | D:5      | Found a shadowy altar of Dithmenos.
  4479 | D:6      | Reached skill level 1 in Evocations
  4513 | D:6      | Reached skill level 7 in Axes
  4824 | D:6      | Noticed Blork the orc
  4837 | D:6      | Killed Blork the orc
  5052 | D:6      | Noticed Dowan
  5053 | D:6      | Noticed Duvessa
  5079 | D:6      | Killed Duvessa
  5086 | D:6      | Killed Dowan
  5101 | D:6      | Found a runed translucent door.
  5102 | D:6      | Noticed Crazy Yiuf
  5111 | D:6      | Killed Crazy Yiuf
  5425 | D:6      | Found a staircase to the Ecumenical Temple.
  5436 | Temple   | Entered the Ecumenical Temple
  5478 | Temple   | Became a worshipper of Warmaster Okawaru
  5957 | D:6      | Reached skill level 1 in Spellcasting
  5957 | D:6      | Reached XP level 9. HP: 24/75 MP: 10/10
  6238 | D:7      | Learned a level 1 spell: Apportation
  6319 | D:7      | Noticed Maggie
  6338 | D:7      | Killed Maggie
  6338 | D:7      | Reached * piety under Okawaru
  6338 | D:7      | Reached skill level 8 in Axes
  6338 | D:7      | Reached skill level 1 in Invocations
  7033 | D:7      | Found a bloodstained altar of Trog.
  7096 | D:7      | Noticed a troll
  7105 | D:7      | Killed a troll
  7105 | D:7      | Reached ** piety under Okawaru
  7179 | D:7      | Learned a level 1 spell: Corona
  7368 | D:8      | Reached skill level 1 in Translocations
  7414 | D:8      | Noticed a two-headed ogre
  7438 | D:8      | Killed a two-headed ogre
  7438 | D:8      | Reached skill level 9 in Axes
  7438 | D:8      | Reached skill level 1 in Hexes
  7438 | D:8      | Reached XP level 10. HP: 31/86 MP: 13/13
  7701 | D:8      | Killed an unseen horror
  7760 | D:7      | Reached *** piety under Okawaru
  7843 | D:8      | Noticed Erica
  7872 | D:8      | Killed Erica
  7958 | D:8      | Noticed a two-headed ogre
  7975 | D:8      | Killed a two-headed ogre
  7975 | D:8      | Reached **** piety under Okawaru
  8951 | D:9      | Found a staircase to the Lair.
  8951 | D:9      | Noticed Prince Ribbit
  8993 | D:9      | Reached XP level 11. HP: 49/93 MP: 15/15
  9027 | D:9      | Killed Prince Ribbit
  9331 | D:9      | Noticed Pikel
  9343 | D:9      | Killed Pikel
  9386 | D:9      | Noticed a deep elf mage
  9398 | D:9      | Noticed a cyclops
  9400 | D:9      | Killed a deep elf mage
  9400 | D:9      | Reached ***** piety under Okawaru
  9400 | D:9      | Reached skill level 10 in Axes
  9414 | D:9      | Killed a cyclops
  9438 | D:9      | Learned a level 1 spell: Infusion
  9441 | D:9      | Learned a level 2 spell: Shroud of Golubria
  9444 | D:9      | Learned a level 2 spell: Song of Slaying
  9448 | D:9      | Learned a level 3 spell: Spectral Weapon
  9508 | D:9      | Noticed a cyan ugly thing
  9512 | D:9      | Noticed a purple ugly thing
  9615 | D:9      | Killed a white ugly thing
  9620 | D:9      | Killed a white ugly thing
  9701 | D:9      | Found an ancient bone altar of Kikubaaqudgha.
  9703 | D:9      | Found Ciusk's Armour Shop.
  9753 | D:9      | Noticed Joseph
  9769 | D:9      | Killed Joseph
  9845 | D:9      | Reached skill level 5 in Invocations
  9874 | D:9      | Noticed a cyclops
  9883 | D:9      | Received a gift from Okawaru
  9888 | D:9      | Reached skill level 1 in Charms
  9889 | D:9      | Killed a cyclops
  9889 | D:9      | Reached skill level 5 in Evocations
 10124 | D:10     | Entered Level 10 of the Dungeon
 10361 | D:10     | Learned a level 6 spell: Invisibility
 10684 | D:10     | Found a staircase to the Orcish Mines.
 11311 | D:10     | Noticed a two-headed ogre
 11319 | D:10     | Killed a two-headed ogre
 11319 | D:10     | Reached skill level 10 in Armour
 11319 | D:10     | Reached XP level 12. HP: 95/104 MP: 17/17
 11562 | D:11     | Reached skill level 10 in Shields
 11922 | D:11     | Reached skill level 11 in Axes
 12352 | D:11     | Drowned by a water elemental

Levels and vault maps discovered:
D:1:      ebering_trefoil_twist, layout_basic, minmay_tromino_v2
D:2:      layout_basic, chequers_ecumenical_altar_twisty
D:3:      layout_loops_corners, brannock_xom_greatest_gift, uniq_grinder,
          uniq_jessica
D:4:      layout_basic, old_standard_altar, first_ration
D:5:      layout_loops_cross, marbit_many_paths
D:6:      layout_loops_ring, minmay_temple_entry_poolview,
          uniq_crazy_yiuf_cottage, uniq_blork_the_orc, uniq_duvessa
D:7:      wad_woods_tower, layout_cave_pods, trog_eyes_of_draining, uniq_maggie
D:8:      layout_basic, uniq_erica
D:9:      hangedman_cross_veins, layout_basic, lemuel_doored_altar,
          david_lair_generic, serial_shops, shop, uniq_prince_ribbit1,
          uniq_pikel, uniq_joseph
D:10:     layout_basic, david_orc_1_choice, grunt_pizzeria
D:11:     layout_basic
Temple:   minmay_crystal_spiral_temple

Skill      XL: |  1  2  3  4  5  6  7  8  9 10 11 12 |
---------------+-------------------------------------+-----
Axes           | 3 5 6 7 9 10 11 | 11.0
Fighting       | 4 5 7 9 |  9.4
Shields        | 4 5 6 7 8 9 10 | 10.2
Armour         | 4 5 6 7 8 10 | 10.4
Dodging        | 1 2 |  2.1
Evocations     | 2 3 4 5 |  5.0
Spellcasting   | 1 2 3 |  3.5
Invocations    | 2 4 5 |  5.1
Translocations | 1 2 3 |  3.0
Hexes          | 1 2 3 |  3.3
Charms         | 1 |  1.2
Stealth        | |  0.2

Action                   |  1- 3 |  4- 6 |  7- 9 | 10-12 || total
-------------------------+-------+-------+-------+-------++-------
Melee: War axe           |   135 |   155 |   412 |   599 ||  1301
Invok: Heroism           |       |       |       |     8 ||     8
       Finesse           |       |       |       |     2 ||     2
Evoke: Wand              |       |       |     4 |    13 ||    17
  Use: Scroll            |       |     5 |     5 |     6 ||    16
       Potion            |       |     1 |     6 |     8 ||    15
  Eat: Chunk             |     1 |     6 |     7 |    11 ||    25
       Ration            |       |       |     2 |     4 ||     6
Armor: Scale mail        |    59 |    88 |    19 |       ||   166
       Plate armour      |       |       |   212 |   346 ||   558
       Skin              |       |       |       |     9 ||     9
Dodge: Dodged            |    54 |    61 |   103 |   128 ||   346
Block: Shield            |    80 |    94 |   295 |   335 ||   804

Table legend:
 A = Non-vault XP
 B = Vault XP
 C = Vault XP percentage of total XP
 D = Non-vault monster count
 E = Vault monster count
 F = Vault count percentage of total count
                 A         B        C        D         E       F
            +---------+---------+-------+---------+---------+-------
      Total |   12888 |    9063 |  41.3 |     238 |      54 |  18.5
            +---------+---------+-------+---------+---------+-------
        D:1 |      45 |       3 |   6.2 |      26 |       2 |   7.1
        D:2 |      89 |       0 |   0.0 |      26 |       0 |   0.0
        D:3 |     123 |     327 |  72.7 |      22 |       2 |   8.3
        D:4 |     135 |       0 |   0.0 |      10 |       0 |   0.0
        D:5 |     514 |       0 |   0.0 |      12 |       0 |   0.0
        D:6 |     657 |     362 |  35.5 |      18 |       4 |  18.2
        D:7 |    1378 |     736 |  34.8 |      26 |      11 |  29.7
        D:8 |    3787 |     939 |  19.9 |      28 |       1 |   3.4
        D:9 |     633 |    5631 |  89.9 |      17 |      24 |  58.5
       D:10 |    2499 |    1065 |  29.9 |      31 |      10 |  24.4
       D:11 |    3028 |       0 |   0.0 |      22 |       0 |   0.0
            +---------+---------+-------+---------+---------+-------
